 Dungeon Crawl Stone Soup version 0.19.1 (webtiles) character file.

7505 Melicamp the Geomancer (level 10, -12/75 HPs)
             Began as a Deep Dwarf Earth Elementalist on Nov 29, 2016.
             Was a Priest of Makhleb.
             Mangled by an eight-headed hydra (14 damage)
             ... on level 1 of the Lair of Beasts.
             The game lasted 01:14:24 (13431 turns).

Melicamp the Geomancer (DDEE)                      Turns: 13431, Time: 01:14:25

Health: -12/75     AC:  5    Str: 12    XL:     10   Next: 95%
Magic:  0/18       EV: 18    Int: 18    God:    Makhleb [***...]
Gold:   719        SH:  0    Dex: 14    Spells: 5 memorised, 10 levels left

rFire  . . .     SeeInvis .     b - 53 stones
rCold  . . .     Gourm    .     c - +0 robe
rNeg   . . .     Faith    .     (no shield)
rPois  .         Spirit   .     (no helmet)
rElec  .         Reflect  .     (no cloak)
rCorr  .         Harm     .     r - +1 pair of gloves
MR     +....                    M - +0 pair of boots
Stlth  ++........               (no amulet)
                                (no ring)
                                (no ring)

@: non-regenerating
A: damage resistance, recharge devices, sense surroundings 2, slow regeneration
3
a: Device Recharging, Minor Destruction, Lesser Servant of Makhleb, Renounce
Religion


You were on level 1 of the Lair of Beasts.
You worshipped Makhleb.
Makhleb was most pleased with you.
You were very hungry.

You visited 3 branches of the dungeon, and saw 12 of its levels.

You collected 719 gold pieces.

Inventory:

Hand Weapons
 m - a +3 short sword
 u - a cursed -2 dagger
 D - a +1 trident
 E - a +3 flail
 F - a +3 dagger
 H - a cursed +2 flail
 I - a cursed +3 dagger
 J - a cursed +2 battleaxe
Missiles
 b - 53 stones (in hand)
Armour
 c - a +0 robe (worn)
 r - a +1 pair of gloves (worn)
 G - a +1 robe of magic resistance
 M - a +0 pair of boots (worn)
 V - the cursed +0 scale mail of the Planets {Str+3, unknown}
   (You found it on level 10 of the Dungeon)

   It affects your strength (+3).
   It has a curse placed upon it.
Magical Staves
 Q - an uncursed staff of power {unknown}
Rods
 w - a +0 lightning rod (13/13)
   (You found it on level 6 of the Dungeon)
 S - a +3 rod of clouds (12/12)
   (You found it on level 10 of the Dungeon)
Jewellery
 l - an uncursed amulet of faith {unknown}
 v - an uncursed ring of poison resistance {unknown}
Wands
 d - a wand of heal wounds (3/9)
 q - a wand of lightning (7/15)
 y - a wand of slowing (23/48)
 K - a wand of teleportation (1/9)
 L - a wand of iceblast (8/15)
 W - a wand of acid (7/15)
Scrolls
 j - 3 scrolls of teleportation
 A - 2 scrolls of blinking
 B - 2 scrolls of enchant weapon
 N - a scroll of amnesia
 O - 3 scrolls of magic mapping
 T - 2 scrolls of enchant armour
Potions
 a - a potion of mutation
 g - 2 potions of invisibility
 i - 2 potions of might
 k - 6 potions of heal wounds
 n - a potion of lignification
 o - a potion of flight
 p - 6 potions of curing
 t - a potion of resistance
 x - a potion of cure mutation
 z - 2 potions of agility
 C - 2 potions of haste
 R - a potion of cancellation
Books
 e - a book of Geomancy

   Spells                             Type                      Level
   a - Sandblast                      Earth                        1
   b - Passwall                       Transmutation/Earth          2
   c - Stone Arrow                    Conjuration/Earth            3
   d - Petrify                        Transmutation/Earth          4
   e - Lee's Rapid Deconstruction     Earth                        5
Comestibles
 f - 3 bread rations
 h - 3 slices of pizza
 s - 5 meat rations
 P - 3 chunks of flesh


   Skills:
 - Level 9.0 Dodging
 - Level 2.4 Stealth
 - Level 8.0 Spellcasting
 + Level 5.1 Transmutations
 * Level 12.2 Earth Magic
 - Level 6.0 Invocations


You had 10 spell levels left.
You knew the following spells:

 Your Spells              Type           Power        Failure   Level  Hunger
a - Sandblast             Erth           ######       1%          1    None
b - Passwall              Tmut/Erth      #####.....   1%          2    None
c - Stone Arrow           Conj/Erth      ####..       2%          3    #......
d - Petrify               Tmut/Erth      #####...     2%          4    ###....
e - Lee's Rapid Deconstr  Erth           ######....   1%          5    #####..


Dungeon Overview and Level Annotations

Branches:
Dungeon (10/15)            Temple (1/1) D:4            Lair (1/6) D:10
    Orc: D:9-12

Altars:
Ashenzari
Cheibriados
Dithmenos
Elyvilon
Fedhas
Gozag
Hepliaklqana
Kikubaaqudgha
Makhleb
Nemelex Xobeh
Okawaru
Qazlal
Ru
Sif Muna
Trog
Uskayaw
Vehumet
Xom
Yredelemnul
Zin
The Shining One

Shops:
D:4 !

Annotations:
D:3 1 runed door
D:6 exclusion: oklob plant
D:8 Philosophy's ghost, novice MiFi
D:9 exclusion: upstairs
D:10 exclusions: player ghost and upstairs, Melicamp's ghost, journeyman DDEE


Innate Abilities, Weirdness & Mutations

You are resistant to damage.
You can recharge devices by infusing magical energy.
You passively map the area around you.
You do not regenerate.


Message History

Casting: Lee's Rapid Deconstruction
Confirm with . or Enter, or press ? or * to list all spells.
Aiming: Lee's Rapid Deconstruction
Press: ? - help, Dir - move target cursor That beam is likely to hit you.
Continue anyway?
The crystal wall shatters!
The blast of crystal shards hits the eight-headed hydra.
The eight-headed hydra is severely wounded.
The blast of crystal shards hits you!
* * * LOW HITPOINT WARNING * * *
You are feeling very hungry.
You hear an angry hiss.
You hear a loud, deep croak!
The eight-headed hydra misses you. The eight-headed hydra bites you!
* * * LOW HITPOINT WARNING * * *
The eight-headed hydra bites you.
* * * LOW HITPOINT WARNING * * *
The eight-headed hydra closely misses you. x2
The eight-headed hydra barely misses you.
The eight-headed hydra misses you. The eight-headed hydra bites you!
You die...

# *.# .#** , ** ,* # .#
.#*##* #. *...#
###.##..##P.###. ...##
##..#...........##...P#
....#...............P#*
.....................#
....P.........#.....,#
##.##.........##..##.##
................@.....#
...............D≈≈≈≈≈.#
.....>..........≈###§..#
........<.......§.# ≈..#
...............§§§#§ #
...............§§≈≈≈≈.
........)...........§§
.###.##.........P##..§
......P.♣♣♣♣.....# ..##


You could see an eight-headed hydra.

Vanquished Creatures
  2 hill giants (D:10)
  A black mamba (Lair:1)
  A komodo dragon (D:10)
  A troll (D:9)
  Prince Ribbit (D:6)
  A hippogriff (D:7)
  3 yaks (D:10)
  Eustachio (D:6)
  A hungry ghost (D:7)
  A water moccasin (D:8)
  Duvessa (D:4)
  4 ice beasts
  A sky beast (D:9)
  3 black bears
  6 ogres
  2 centaurs
  A big kobold (D:9)
  5 bullfrogs
  A water moccasin zombie (D:7)
  A scorpion (D:5)
  Dowan (D:4)
  3 killer bees (D:7)
  12 wights
  3 howler monkeys
  A bullfrog zombie (D:6)
  8 crimson imps
  3 bullfrog skeletons
  A centaur skeleton (D:5)
  8 orc priests
  2 hounds
  3 jellies
  2 iguanas
  15 orc wizards
  7 worker ants
  9 adders
  7 gnolls
  3 shadow imps
  An ooze (D:3)
  3 adder zombies
  3 worms
  2 dart slugs (D:1)
  2 leopard geckos
  53 orcs
  2 ball pythons (D:1)
  4 giant cockroaches
  12 goblins
  9 hobgoblins
  12 jackals
  3 quokkas
  6 bats
  7 frilled lizards
  A jackal zombie (D:7)
  19 kobolds
  13 rats
278 creatures vanquished.

Vanquished Creatures (others)
  2 plants (D:10)
2 creatures vanquished.

Grand Total: 280 creatures vanquished

Notes
Turn   | Place    | Note
-------+----------+-------------------------------------------
     0 | D:1      | Melicamp the Deep Dwarf Earth Elementalist began the quest for the Orb.
     0 | D:1      | Reached XP level 1. HP: 15/15 MP: 3/3
   305 | D:1      | Reached XP level 2. HP: 20/22 MP: 0/5
   975 | D:2      | Reached XP level 3. HP: 28/28 MP: 0/7
  1049 | D:2      | Learned a level 2 spell: Passwall
  1053 | D:2      | Learned a level 3 spell: Stone Arrow
  1353 | D:2      | Reached XP level 4. HP: 18/36 MP: 0/9
  1581 | D:2      | Found a white marble altar of Elyvilon.
  2228 | D:3      | Found a runed door.
  2229 | D:3      | Found a glowing silver altar of Zin.
  2229 | D:3      | Noticed an angel
  2269 | D:3      | Reached XP level 5. HP: 29/42 MP: 2/11
  2636 | D:3      | Noticed a dagger
  2637 | D:3      | Noticed a hand axe
  2640 | D:3      | Found a hide-covered altar of Uskayaw.
  2660 | D:3      | Reached skill level 5 in Earth Magic
  3074 | D:3      | Reached XP level 6. HP: 15/49 MP: 2/12
  3487 | D:3      | Reached skill level 5 in Spellcasting
  3998 | D:3      | Found a sacrificial altar of Ru.
  4431 | D:3      | Reached skill level 6 in Earth Magic
  4673 | D:4      | Noticed Dowan
  4681 | D:4      | Noticed Duvessa
  4689 | D:4      | Killed Dowan
  4689 | D:4      | Reached skill level 7 in Earth Magic
  4732 | D:4      | Killed Duvessa
  4732 | D:4      | Reached XP level 7. HP: 5/55 MP: 5/11
  4786 | D:4      | Learned a level 4 spell: Petrify
  4792 | D:4      | Learned a level 5 spell: Lee's Rapid Deconstruction
  4824 | D:4      | Reached skill level 1 in Transmutations
  5153 | D:4      | Reached skill level 8 in Earth Magic
  5224 | D:4      | Found Poudecal's Distillery.
  5312 | D:4      | Found a snail-covered altar of Cheibriados.
  5423 | D:4      | Found a staircase to the Ecumenical Temple.
  5529 | Temple   | Entered the Ecumenical Temple
  5762 | Temple   | Became a worshipper of Makhleb the Destroyer
  5844 | D:5      | Entered Level 5 of the Dungeon
  6410 | D:5      | Reached skill level 9 in Earth Magic
  6640 | D:5      | Found a blossoming altar of Fedhas.
  6680 | D:5      | Reached XP level 8. HP: 54/62 MP: 7/11
  7217 | D:6      | Reached skill level 10 in Earth Magic
  7327 | D:6      | Reached * piety under Makhleb
  7476 | D:6      | Noticed Prince Ribbit
  7528 | D:6      | Killed Prince Ribbit
  7528 | D:6      | Reached skill level 11 in Earth Magic
  8022 | D:6      | Found an ancient bone altar of Kikubaaqudgha.
  8022 | D:6      | Noticed an oklob plant
  8372 | D:6      | Noticed Eustachio
  8395 | D:6      | Killed Eustachio
  8734 | D:6      | Reached skill level 12 in Earth Magic
  8734 | D:6      | Gained mutation: You passively map the area around you. [Deep Dwarf growth]
  8734 | D:6      | Reached XP level 9. HP: 57/68 MP: 1/12
  9337 | D:6      | Reached skill level 5 in Transmutations
  9637 | D:7      | Reached ** piety under Makhleb
 10477 | D:7      | Reached skill level 1 in Invocations
 10668 | D:8      | Reached XP level 10. HP: 68/75 MP: 10/18
 11107 | D:8      | Noticed Philosophy's ghost (novice MiFi)
 11401 | D:9      | Reached skill level 5 in Invocations
 11744 | D:9      | Reached *** piety under Makhleb
 12133 | D:9      | Reached skill level 5 in Dodging
 12643 | D:10     | Entered Level 10 of the Dungeon
 12647 | D:10     | Noticed Melicamp's ghost (journeyman DDEE)
 12824 | D:10     | Noticed a hill giant
 12840 | D:10     | Killed a hill giant
 12989 | D:10     | Noticed a hill giant
 13010 | D:10     | Killed a hill giant
 13212 | D:10     | Got a transparent scale mail
 13296 | D:10     | Found a staircase to the Lair.
 13366 | Lair:1   | Entered Level 1 of the Lair of Beasts
 13392 | Lair:1   | Noticed a black mamba
 13392 | Lair:1   | Noticed an eight-headed hydra
 13401 | Lair:1   | Killed a black mamba
 13431 | Lair:1   | HP: 3/75 [eight-headed hydra (5)]
 13431 | Lair:1   | Mangled by an eight-headed hydra

Skill      XL: |  1  2  3  4  5  6  7  8  9 10 |
---------------+-------------------------------+-----
Spellcasting   | 2 3 4 5 8 |  8.0
Earth Magic    | 5 7 9 12 | 12.2
Transmutations | 2 4 5 |  5.1
Invocations    | 3 6 |  6.0
Dodging        | 9 |  9.0
Stealth        | |  2.4

Action                   |  1- 3 |  4- 6 |  7- 9 | 10-12 || total
-------------------------+-------+-------+-------+-------++-------
Melee: Unarmed           |     5 |       |       |       ||     5
       Dagger            |    84 |   206 |     1 |       ||   291
       Short sword       |       |       |   116 |    22 ||   138
Throw: Stone             |       |       |       |     1 ||     1
 Cast: Sandblast         |    56 |    98 |   153 |    86 ||   393
       Stone Arrow       |     1 |    29 |    51 |    29 ||   110
       Petrify           |       |       |    12 |       ||    12
       Lee's Rapid Decon |       |       |     7 |     8 ||    15
       Passwall          |       |       |     3 |       ||     3
 Abil: Device Recharging |       |     3 |     1 |       ||     4
Evoke: Wand              |     1 |    13 |    10 |     2 ||    26
  Use: Scroll            |     2 |     5 |    12 |     9 ||    28
 Stab: Sleeping          |       |     2 |     1 |     2 ||     5
       Petrified         |       |       |    16 |       ||    16
  Eat: Chunk             |     2 |    11 |     9 |     8 ||    30
       Royal jelly       |       |     1 |     1 |       ||     2
       Meat ration       |       |       |     1 |       ||     1
       Bread ration      |       |       |     2 |       ||     2
       Beef jerky        |       |       |     1 |     1 ||     2
Armor: Robe              |    36 |    40 |    48 |     8 ||   132
Dodge: Dodged            |    93 |   143 |   125 |    66 ||   427
